AoeStats
← thecartelflow

Black Forest

509752060Analyzed
2v2 RM · 6d ago on Sep 27, 2026· 56m 7s· 4 players
Game mode
Random Map
Map size
Medium (4 player)
Population
200
Speed
Normal
Resources
Standard
Victory
Conquest
Starting age
Dark Age
Ending age
Imperial Age
RankedLock teamsTeams togetherTeam positionsShared explorationLock speedFull tech treeHidden civsTurbo modeCheats
Victory
Defeat
🇸🇪 Burgundians · Sweden
927
+14
🇸🇪 Turks · Sweden
906
+15
🇺🇸 Persians · United States
901
-42
🇬🇧 Goths · United Kingdom
871
-14
thecartelflow
5:01 Loom
17:58 Feudal Age
18:34 Horse Collar
19:34 Wheelbarrow
19:09 Arson
31:48 Castle Age
29:24 Man-at-Arms
32:34 Hand Cart
32:32 Squires
41:06 Herbal Medicine
41:12 Devotion
45:37 Imperial Age
43:18 Siphons
43:06 Guard Tower
43:12 Murder Holes
43:28 Careening
43:09 Heated Shot
43:40 Ballistics
44:38 Coinage
44:31 Masonry
44:33 Clinker Construction
48:39 Parthian Tactics
48:19 Thumb Ring
47:35 Crossbowman
47:36 Elite Skirmisher
53:53 Double-Bit Axe
53:58 Town Watch
54:45 Incendiaries
54:55 Carvel Hull
54:56 Dry Dock
54:44 Pikeman
54:44 Long Swordsman
55:10 Gambesons
paceylemon
4:40 Loom
12:33 Feudal Age
13:10 Double-Bit Axe
17:07 Horse Collar
21:49 Castle Age
20:26 Man-at-Arms
21:19 Scale Mail Armor
23:26 Gold Mining
23:47 Heavy Plow
24:54 Bow Saw
24:54 Long Swordsman
26:41 Squires
28:03 Chain Mail Armor
27:59 Forging
29:45 Fletching
31:03 Wheelbarrow
30:13 Town Watch
31:19 Iron Casting
32:02 Bodkin Arrow
39:44 Imperial Age
37:20 Pikeman
39:49 Capped Ram
39:53 Two-Handed Swordsman
41:38 Blast Furnace
41:11 Hand Cart
40:35 Champion
41:50 Conscription
46:15 Bracer
49:05 Chemistry
49:09 Masonry
49:19 Ballistics
N3DDI
13:26 Feudal Age
20:30 Castle Age
18:24 Double-Bit Axe
21:58 Wheelbarrow
23:48 Bow Saw
29:06 Loom
30:02 Stone Mining
38:43 Imperial Age
39:51 Hand Cart
40:33 Heavy Camel Rider
41:15 Husbandry
41:26 Bloodlines
41:20 Padded Archer Armor
41:10 Fletching
41:31 Forging
41:27 Scale Barding Armor
42:56 Two-Man Saw
41:41 Horse Collar
43:53 Bodkin Arrow
49:07 Elite Janissary
52:16 Conscription
55:21 Heavy Plow
Skeepilten
0:27 Loom
13:53 Feudal Age
18:36 Castle Age
19:02 Wheelbarrow
18:18 Double-Bit Axe
18:16 Horse Collar
18:36 Stone Mining
18:37 Gold Mining
24:30 Town Watch
29:13 Hand Cart
29:46 Scale Barding Armor
29:41 Scale Mail Armor
29:52 Forging
29:32 Fletching
29:43 Padded Archer Armor
30:30 Bow Saw
30:24 Heavy Plow
31:04 Stone Shaft Mining
31:05 Gold Shaft Mining
32:36 Crop Rotation
33:10 Two-Man Saw
34:54 Imperial Age
31:50 Pikeman
32:35 Squires
32:25 Arson
34:44 Chain Barding Armor
40:20 Chemistry
39:41 Ballistics
39:59 Plate Barding Armor
39:40 Chain Mail Armor
40:00 Iron Casting
39:41 Leather Archer Armor
39:22 Bodkin Arrow
39:14 Halberdier
41:40 Burgundian Vineyards
41:56 Conscription
45:11 Elite Coustillier
46:50 Plate Mail Armor
46:22 Bracer
48:03 Caravan
50:28 Blast Furnace
49:12 Treadmill Crane
49:42 Masonry
49:44 Fortified Wall
Connection lost

Rejoining the realm…

Still unreachable

The connection could not be restored.

Session expired

The server has moved on; the page needs a fresh start.